 Dungeon Crawl Stone Soup version 0.23.2-1-ga50397a (webtiles) character file.

Game seed: 11005505530931853637

1180 Fang the Skirmisher (level 8, -4/76 HPs)
             Began as a Gargoyle Berserker on Apr 30, 2019.
             Was a Priest of Trog.
             Slain by a two-headed ogre
             ... wielding a +0 giant spiked club
              (7 damage)
             ... on level 5 of the Dungeon.
             The game lasted 00:04:07 (4702 turns).

Fang the Skirmisher (Gargoyle Berserker)            Turns: 4702, Time: 00:04:09

Health: -4/76      AC: 15    Str: 29    XL:     8   Next: 42%
Magic:  8/8        EV: 13    Int:  7    God:    Trog [***...]
Gold:   245        SH:  0    Dex:  9    Spells: 7/7 levels left

rFire    . . .     SeeInvis .   a - +0 hand axe
rCold    . . .     Gourm    .   (no shield)
rNeg     + . .     Faith    .   b - +0 chain mail (curse)
rPois    ∞         Spirit   .   (no helmet)
rElec    +         Reflect  .   (no cloak)
rCorr    .         Harm     .   (no gloves)
MR       .....                  (no boots)
Stlth    ..........             (no amulet)
HPRegen  0.22/turn              i - ring of attention (curse)
MPRegen  0.11/turn              v - +3 ring of evasion

@: berserking, very quick
A: negative energy resistance 1, electricity resistance, unbreathing,
petrification resistance, rot immunity, AC +5
a: Berserk, Trog's Hand, Renounce Religion


You were on level 5 of the Dungeon.
You worshipped Trog.
Trog was most pleased with you.
You were very hungry.

You visited 2 branches of the dungeon, and saw 6 of its levels.

You collected 245 gold pieces.

Inventory:

Hand Weapons
 a - a +0 hand axe (weapon)
Armour
 b - a cursed +0 chain mail (worn)
Jewellery
 i - a cursed ring of attention (left hand)
 m - an uncursed ring of resist corrosion
 r - an uncursed ring of protection from cold
 v - a +3 ring of evasion (right hand)
Wands
 l - a wand of random effects (19)
 p - a wand of paralysis (9)
 w - a wand of acid (7)
Scrolls
 d - 2 scrolls of remove curse {unknown}
 e - a scroll of fear {unknown}
 f - 8 scrolls of identify {unknown}
 h - 2 scrolls of immolation {unknown}
 j - a scroll of magic mapping {unknown}
 k - 4 scrolls of teleportation {unknown}
 q - 3 scrolls of enchant armour {unknown}
Potions
 g - 3 potions of curing {unknown}
 n - 2 potions of haste {unknown}
 s - a potion of resistance {unknown}
 t - a potion of brilliance {unknown}
Comestibles
 c - 11 rations
 o - a chunk of flesh


   Skills:
 + Level 6.2 Fighting
 + Level 5.2 Axes
 + Level 5.7 Armour
 + Level 4.2 Dodging


You had 7 spell levels left.
You didn't know any spells.
Your spell library was empty.

Dungeon Overview and Level Annotations

Branches:
Dungeon (5/15)             Temple (1/1) D:5

Altars:
Gozag
Okawaru
Ru
Trog
The Shining One


Innate Abilities, Weirdness & Mutations

You are resistant to torment.
Your stone body is resilient. (AC +5)
You are immune to poison.
You resist negative energy. (rN+)
You are resistant to electric shocks. (rElec)
You can survive without breathing.
You are immune to petrification.
You are immune to rotting.


Message History

You are too injured to fight recklessly!
You are too injured to fight recklessly!
A red film seems to cover your vision as you go berserk!
You feel yourself moving faster!
You feel mighty!
You are feeling very hungry.
The bullfrog skeleton misses you.
You slash the two-headed ogre!
The two-headed ogre is lightly wounded.
You hit the bullfrog skeleton.
The bullfrog skeleton closely misses you.
The two-headed ogre hits you with a +0 giant spiked club!
* * * LOW HITPOINT WARNING * * *
The two-headed ogre hits you but does no damage.
You hit the two-headed ogre.
The two-headed ogre is moderately wounded.
You slash the bullfrog skeleton!
The bullfrog skeleton barely misses you.
The two-headed ogre barely misses you.
The two-headed ogre hits you with a +0 dire flail!
You die...

(..8...##..####.#...........##.#.
......[#....###.#.........####.#.
#..)..##...)'.#.#.........# #...
##÷).##'#..##...#.........# ###.⌠
'#'###..#######.#................
#..##....# ###'######+#..######.
....'....# #......# ..# #.
..^.##..## #......# .## ##
#..###### #...@..+ #### #...OZ.#
#......... ###.......# #.......#
........+ #.......# #.......#


You could see a two-headed ogre and a bullfrog skeleton.

Vanquished Creatures
  Eustachio (D:5)
  An ice beast (D:5)
  2 centaurs (D:5)
  2 ogres
  The ghost of Antillese the Skirmisher, an amateur VSFi of Wu Jian (D:3)
  2 howler monkeys (D:5)
  3 hounds
  2 orc wizards
  An iguana (D:4)
  2 worker ants
  2 hound zombies (D:5)
  9 adders
  A shadow imp (D:5)
  3 oozes
  3 adder skeletons
  4 worms
  2 dart slugs (D:1)
  4 leopard geckos
  10 orcs
  2 ball pythons
  6 bats
  5 giant cockroaches
  4 goblins
  9 hobgoblins
  6 jackals
  3 quokkas (D:5)
  3 frilled lizards
  11 kobolds
  A leopard gecko skeleton (D:4)
  A leopard gecko zombie (D:3)
  13 rats
119 creatures vanquished.

Notes
Turn   | Place    | Note
-------+----------+-------------------------------------------
     0 | D:1      | Fang the Gargoyle Berserker began the quest for the Orb.
     0 | D:1      | Reached XP level 1. HP: 14/14 MP: 1/1
   116 | D:1      | Reached XP level 2. HP: 11/19 MP: 2/2
   769 | D:1      | Reached XP level 3. HP: 22/23 MP: 3/3
   897 | D:2      | Reached ** piety under Trog
  1025 | D:2      | Reached XP level 4. HP: 10/29 MP: 4/4
  1456 | D:2      | Reached skill level 4 in Fighting
  1587 | D:3      | Found an iron altar of Okawaru.
  1671 | D:3      | Found a runed translucent door.
  1671 | D:3      | Noticed Antillese's ghost (amateur VSFi)
  1798 | D:3      | Reached XP level 5. HP: 33/33 MP: 5/5
  2122 | D:3      | Killed Antillese's ghost
  2212 | D:4      | Noticed an ogre
  2221 | D:4      | Killed an ogre
  2221 | D:4      | Reached XP level 6. HP: 17/39 MP: 6/6
  2864 | D:4      | Reached skill level 5 in Fighting
  2864 | D:4      | Reached XP level 7. HP: 22/44 MP: 7/7
  3443 | D:4      | Found a glowing golden altar of the Shining One.
  3575 | D:5      | Entered Level 5 of the Dungeon
  3778 | D:5      | Noticed Eustachio
  3808 | D:5      | Killed Eustachio
  3808 | D:5      | Reached skill level 5 in Armour
  3882 | D:5      | Found a bloodstained altar of Trog.
  3882 | D:5      | Found an opulent altar of Gozag.
  3895 | D:5      | Found a sacrificial altar of Ru.
  3913 | D:5      | Reached *** piety under Trog
  3988 | D:5      | Found a staircase to the Ecumenical Temple.
  4038 | Temple   | Entered the Ecumenical Temple
  4103 | D:5      | Reached XP level 8. HP: 12/51 MP: 8/8
  4368 | D:5      | Reached skill level 6 in Fighting
  4370 | D:5      | Reached skill level 5 in Axes
  4690 | D:5      | Noticed a two-headed ogre
  4701 | D:5      | HP: 3/76 [two-headed ogre/+0 giant spiked club (10)]
  4702 | D:5      | Slain by a two-headed ogre

Skill      XL: |  1  2  3  4  5  6  7  8 |
---------------+-------------------------+-----
Axes           | 3 4 5 |  5.2
Dodging        | 2 3 4 |  4.2
Armour         | 3 4 5 |  5.7
Fighting       | 4 5 6 |  6.2

Action                   |  1- 3 |  4- 6 |  7- 9 || total
-------------------------+-------+-------+-------++-------
Melee: Hand axe          |   114 |   213 |   183 ||   510
Invok: Berserk           |       |     2 |     4 ||     6
 Stab: Paralysed         |       |       |     1 ||     1
  Eat: Chunk             |       |     8 |     9 ||    17
Armor: Animal skin       |    35 |    18 |       ||    53
       Chain mail        |       |   138 |   137 ||   275
Dodge: Dodged            |    94 |   113 |   120 ||   327
